Map: Abyssal Reef LE

Players

Railgan - Winner!

  • Race: Zerg Zerg
  • League: Grandmaster
  • Spawn Location: 5:00

IIIIIIIIIIII

  • Race: Zerg Zerg
  • League: Master
  • Spawn Location: 11:00

VOD

Have the link to the VOD?

Description

Time

  • Played on: March 10, 2017, 11:40 a.m.
  • Length: 10:59
Show
View Real Time Build Order
Export as new Build Order

Railgan Zerg - Winner!

Build Orders: Pool First 

Get SALT Encoding   

  12  0:02  Drone  
  13  0:12  Overlord  
  13  0:17  Drone  
  14  0:31  Drone x2  
  14  0:34  Drone  
  17  0:45  Spawning Pool  
  17  0:47  Drone  
  17  0:56  Drone  
  18  1:12  Hatchery  
  18  1:14  Extractor  
  18  1:16  Drone  
  17  1:20  Drone  
  18  1:32  Queen  
  18  1:33  Zergling x2  
  21  1:43  Spine Crawler  
  21  1:45  Overlord  
  20  1:50  Drone  
  22  2:04  Drone  
  22  2:08  Queen  
  23  2:11  Drone  
  26  2:23  Drone  
  26  2:24  Drone  
  27  2:32  Queen  
  27  2:36  Overlord  
  29  2:42  Drone x2  
  29  2:43  Drone  
  32  2:48  Queen  
  34  2:56  Drone x2  
  36  2:59  Drone x3  
  39  3:12  Roach Warren  
  38  3:15  Evolution Chamber, Drone x2  
  39  3:20  Drone x2  
  39  3:24  Lair  
  41  3:27  Drone  
  41  3:28  Drone  
  41  3:31  Overlord  
  41  3:34  Drone  
  44  3:38  Extractor  
  44  3:40  Extractor  
  42  3:44  Drone  
  42  3:45  Overlord  
  42  3:46  Drone  
  44  3:56  Roach x4  
  44  4:01  Evolution Chamber  
  51  4:08  Zerg Missile Weapons Level 1  
  51  4:12  Drone x4  
  51  4:16  Roach  
  57  4:17  Drone  
  57  4:20  Drone  
  57  4:21  Glial Reconstitution  
  60  4:29  Overlord  
  60  4:34  Roach  
  60  4:35  Roach x2  
  58  4:38  Roach  
  58  4:40  Overlord  
  58  4:41  Roach  
  57  4:48  Roach  
  57  4:50  Roach  
  58  4:54  Roach x2  
  60  5:05  Queen  
  62  5:13  Drone x2  
  65  5:14  Roach x2  
  64  5:21  Drone  
  64  5:22  Drone x2  
  64  5:24  Drone  
  64  5:26  Drone x2  
  67  5:38  Overlord  
  67  5:39  Drone  
  68  5:46  Overlord  
  68  5:55  Queen  
  70  5:57  Roach  
  70  5:58  Roach x2  
  70  6:00  Hatchery  
  70  6:01  Overlord  
  75  6:05  Overlord  
  75  6:09  Roach  
  77  6:14  Roach  
  77  6:15  Roach x2  
  83  6:23  Roach x2  
  87  6:26  Roach  
  87  6:33  Roach  
  80  6:41  Roach x2  
  80  6:43  Ravager  
  80  6:44  Queen  
  80  6:45  Roach x3  
  93  6:49  Zerg Missile Weapons Level 2  
  93  6:50  Roach  
  93  6:52  Roach  
  94  6:57  Hatchery  
  93  7:06  Roach x2  
  97  7:13  Ravager x2  
  99  7:16  Overlord x2  
  99  7:24  Overlord  
  97  7:38  Roach x4  
  97  7:43  Roach x2  
  107  7:55  Roach x4  
  113  8:02  Roach  
  115  8:08  Roach  
  115  8:09  Roach  
  119  8:18  Roach x4  
  127  8:23  Roach  
  129  8:31  Overlord x2  
  129  8:32  Overlord  
  129  8:35  Overlord  
  129  8:43  Extractor, Queen  
  129  8:44  Overlord  
  128  8:50  Burrow, Roach  
  128  8:51  Roach x6  
  128  8:55  Tunneling Claws  
  142  8:57  Roach  
  142  8:58  Roach  
  146  9:05  Drone x2  
  146  9:06  Drone  
  146  9:09  Drone x6  
  155  9:18  Roach  
  155  9:20  Drone  
  155  9:23  Drone  
  155  9:24  Drone x2  
  159  9:34  Ravager x2  
  159  9:38  Drone  
  162  9:39  Overlord x2  
  162  9:41  Extractor  
  161  9:50  Hatchery  
  158  9:53  Overlord, Roach x2  
  162  10:01  Roach  
  162  10:02  Roach x3  
  170  10:11  Roach x7  
  170  10:15  Roach x8  
  186  10:22  Overlord  
  186  10:25  Roach  
  186  10:30  Overlord  
  186  10:34  Roach x4  
  186  10:39  Roach  
  186  10:40  Overlord x4  
Show
View Real Time Build Order
Export as new Build Order

IIIIIIIIIIII Zerg 

Build Orders: Hatch First 

Get SALT Encoding   

  12  0:00  Drone  
  13  0:12  Overlord  
  13  0:17  Drone  
  14  0:30  Drone x2  
  14  0:34  Drone  
  17  0:52  Hatchery  
  17  0:54  Drone  
  17  0:58  Drone  
  17  1:00  Extractor  
  17  1:06  Drone  
  18  1:17  Spawning Pool  
  17  1:20  Drone  
  18  1:28  Drone  
  19  1:38  Overlord  
  19  1:50  Drone  
  20  2:04  Metabolic Boost, Queen x2  
  20  2:05  Zergling x2  
  20  2:07  Zergling x2  
  26  2:22  Drone x3  
  29  2:28  Extractor  
  28  2:36  Drone x2  
  31  2:45  Hatchery  
  30  2:52  Baneling Nest  
  30  2:53  Drone  
  30  2:54  Drone x2  
  30  2:55  Drone  
  33  3:03  Drone  
  33  3:05  Drone  
  34  3:09  Drone  
  35  3:13  Overlord  
  35  3:14  Overlord  
  35  3:30  Zergling x2  
  35  3:31  Zergling x8  
  40  3:34  Zergling x2  
  40  3:38  Zergling x2  
  42  3:47  Zergling x12  
  48  3:52  Baneling x2  
  48  3:53  Zergling x4  
  50  3:57  Queen  
  50  3:58  Zergling x2  
  50  4:00  Zergling x2  
  50  4:01  Zergling x2  
  55  4:05  Baneling x4  
  55  4:07  Zergling x2  
  56  4:10  Zergling x2  
  56  4:15  Zergling x4  
  58  4:17  Overlord  
  58  4:18  Overlord  
  55  4:30  Zergling x6  
  55  4:31  Zergling x6  
  58  4:34  Zergling x4  
  55  4:43  Zergling x4  
  54  4:47  Zergling x2  
  52  4:59  Zergling x6  
  55  5:06  Extractor, Roach Warren  
  52  5:11  Drone x3  
  51  5:20  Drone x3  
  51  5:25  Drone x2  
  49  5:38  Drone x5  
  53  5:45  Roach  
  53  5:46  Roach x6  
  67  5:52  Roach x2  
  67  5:54  Roach  
  73  6:01  Overlord  
  73  6:02  Overlord x2  
  73  6:08  Lair  
  73  6:09  Evolution Chamber  
  73  6:10  Extractor  
  73  6:11  Roach  
  73  6:14  Overlord  
  73  6:19  Roach x3  
  73  6:20  Roach  
  73  6:24  Roach  
  82  6:32  Roach x3  
  89  6:33  Roach  
  81  6:43  Roach x2  
  83  6:51  Roach x2  
  89  6:54  Roach  
  89  6:58  Zergling x4  
  89  6:59  Zergling x8  
  95  7:08  Zerg Missile Weapons Level 1  
  95  7:09  Extractor, Drone x5  
  95  7:10  Drone x2  
  101  7:17  Drone x4  
  101  7:21  Drone  
  103  7:34  Roach  
  103  7:37  Overlord x4  
  104  7:51  Roach  
  105  7:54  Glial Reconstitution  
  105  7:58  Roach  
  105  7:59  Roach x9  
  120  8:13  Roach x5  
  126  8:21  Roach x2  
  126  8:22  Roach x3  
  134  8:28  Roach x2  
  134  8:33  Overlord x3  
  134  8:35  Extractor  
  131  8:50  Ravager x2  
  131  8:51  Ravager  
  131  8:52  Drone  
  131  8:53  Drone x5  
  140  8:57  Drone  
  140  8:59  Ravager  
  142  9:04  Drone x2  
  142  9:08  Roach x4  
  142  9:09  Roach  
  154  9:10  Overlord x2  
  154  9:27  Overlord x2, Queen  
  154  9:30  Roach x4  
  164  9:34  Roach x3  
  170  9:40  Overlord x2  
  170  9:51  Roach  
  170  9:52  Roach x6  
  186  10:00  Roach  
  186  10:08  Roach x4  
  186  10:11  Overlord  
Tags
 
Add a new tag
Caveats
  • Supply blocks, unpowered buildings, or Contaminate may cause inaccurate times.
  • Supply counts are checked every 10 seconds.